 Dungeon Crawl Stone Soup version 0.27-a0-1149-g4505690ab0 (webtiles) character file.

Game seed: 12431977399485697059

71 robertstho the Magician (level 4, -2/31 HPs)
             Began as a Djinni Fire Elementalist on May 13, 2021.
             Killed from afar by Sigmund (6 damage)
             ... with a magic dart
             ... on level 2 of the Dungeon.
             The game lasted 00:03:35 (2797 turns).

robertstho the Magician (Djinni Fire Elementalist)  Turns: 2797, Time: 00:03:35

Health: -2/31      AC:  2    Str:  7    XL:     4   Next: 47%
Gold:   48         EV: 12    Int: 17    God:
                   SH:  0    Dex: 14

rFire    + + .     SeeInvis .   d - +0 dagger
rCold    x . .     Faith    .   (no shield)
rNeg     . . .     Spirit   .   a - +0 robe
rPois    ∞         Reflect  .   (no helmet)
rElec    .         Harm     .   (no cloak)
rCorr    .         Rampage  .   (no gloves)
Will     .....                  (boots unavailable)
Stlth    +.........             (no amulet)
HPRegen  0.10/turn              (no ring)
MPRegen  0.00/turn              (no ring)

@: confused, flying
A: sickness immunity, fire resistance 2, cold vulnerability 1, float, innate
caster, hp casting, extra vitality 1
a: no special abilities


You were on level 2 of the Dungeon.
You visited 1 branch of the dungeon, and saw 2 of its levels.

You collected 48 gold pieces.

Inventory:

Hand Weapons
 d - a +0 dagger (weapon)
Armour
 a - a +0 robe (worn)
Scrolls
 b - a scroll of magic mapping {unknown}
 c - 2 scrolls of identify {unknown}
 e - a scroll of amnesia {unknown}
 g - a scroll of teleportation {unknown}


   Skills:
 + Level 2.5 Dodging
 + Level 2.1 Stealth
 + Level 3.5 Spellcasting


You couldn't memorise any spells.
You knew the following spells:

 Your Spells              Type           Power      Damage    Failure   Level
a - Foxfire               Conj/Fire      56%        2x1d6     4%          1
b - Conjure Flame         Conj/Fire      14%        6-21      12%         3
c - Inner Flame           Hex/Fire       14%        N/A       12%         3
d - Sticky Flame          Conj/Fire      14%        2d4       36%         4
e - Fireball              Conj/Fire      7%         3d5       73%         5
f - Shock                 Conj/Air       56%        1d6       4%          1
Your spell library was empty.

Dungeon Overview and Level Annotations

Branches:
Dungeon (2/15)

Altars:

Shops:
D:1 [

Annotations:
D:2 Sigmund


Innate Abilities, Weirdness & Mutations

You are immune to sickness and miasma.
You are immune to poison.
Your flesh is very heat resistant. (rF++)
You are vulnerable to cold. (rC-)
You float through the air rather than walking.
You learn spells naturally, not from books.
Your magical power is your life essence.
You have superior vitality. (+4 HP)


Message History

Unknown command.
The foxfire hits Sigmund.
Sigmund is heavily wounded.
The foxfire hits Sigmund but does no damage.
Sigmund is heavily wounded.
Sigmund screams, "You will never...
NEVER!!!"
Casting: Foxfire (safe; 4% risk of failure)
Press: ? - help, Q - select action, (/) - cycle Dir - look around, f - activate You conjure some foxfire!
The foxfire hits Sigmund but does no damage.
Sigmund is heavily wounded.
The foxfire hits Sigmund.
Sigmund is heavily wounded.
Sigmund casts a spell at you. The magic dart hits you.
Casting: Foxfire (safe; 4% risk of failure)
Press: ? - help, Q - select action, (/) - cycle Dir - look around, f - activate You conjure some foxfire!
Your foxfire dissipates!
The foxfire hits Sigmund.
Sigmund is heavily wounded.
Casting: Foxfire (safe; 4% risk of failure)
Press: ? - help, Q - select action, (/) - cycle Dir - look around, f - activate You conjure some foxfire!
Sigmund gestures at you while chanting.
You are confused.
The foxfire hits Sigmund.
Sigmund is severely wounded.
The foxfire hits Sigmund.
Sigmund is severely wounded.
You're too confused to cast spells.
You're too confused to cast spells.
You aren't carrying any potions.
Sigmund hits you with a +0 scythe!
* * * LOW HITPOINT WARNING * * *
You're too confused to move!
Sigmund barely misses you. Sigmund barely misses you.
Sigmund casts a spell at you. The magic dart hits you.
You die...

...#######.#.# #...##)#
#### #[#.###...v§
###....##..###.#..
#.....)...).......
########.##...##..#####..
.............###..# .
########.###÷###.@#####...
#.# #.............. #.#
####.@......... #.#
#.#......... #.#
#.#######.## #.# #.# # #..
..# .## #. #.


You could see Sigmund.

Vanquished Creatures
  An adder (D:2)
  A gnoll (D:2)
  2 dart slugs
  3 orcs (D:2)
  3 bats
  4 endoplasms
  2 giant cockroaches
  A goblin (D:1)
  3 hobgoblins
  7 jackals
  3 quokkas
  3 ball pythons
  3 frilled lizards
  2 kobolds (D:1)
  3 rats
41 creatures vanquished.

Vanquished Creatures (others)
  174 foxfires
174 creatures vanquished.

Grand Total: 215 creatures vanquished

Notes
Turn   | Place    | Note
-------+----------+-------------------------------------------
     0 | D:1      | robertstho the Djinni Fire Elementalist began the quest for
                  | the Orb.
     0 | D:1      | Reached XP level 1. HP: 15/15 MP: 0/0
    23 | D:1      | Found Jautes's Armour Shop.
   308 | D:1      | Reached XP level 2. HP: 14/21 MP: 0/0
   629 | D:1      | Found a faded altar of an unknown god.
   658 | D:1      | Reached skill level 3 in Spellcasting
  1042 | D:1      | Reached XP level 3. HP: 24/25 MP: 0/0
  1042 | D:1      | Learned a level 1 spell: Shock
  2384 | D:2      | Reached XP level 4. HP: 25/31 MP: 0/0
  2780 | D:2      | Noticed Sigmund
  2797 | D:2      | Killed from afar by Sigmund

Illustrated notes

Levels and vault maps discovered:
D:1:      minmay_arrival_jagged, layout_loops_cross, serial_shops, shop,
          hellmonk_ecumenical_altar_heavens_door
D:2:      layout_loops_ring, serial_shops, shop, minmay_close_crescents,
          uniq_sigmund

Skill      XL: |  1  2  3 |
---------------+----------+-----
Spellcasting   | 3 |  3.5
Stealth        | 2 |  2.1
Dodging        | |  2.5

Action                   |  1- 3 |  4- 6 || total
-------------------------+-------+-------++-------
 Cast: Foxfire           |    82 |    30 ||   112
  Use: Potion            |       |     2 ||     2
Armor: Robe              |     1 |       ||     1
Dodge: Dodged            |    18 |    13 ||    31

Table legend: (Time is in decaauts)
 A = Elapsed time spent in this place.
 B = Non-inter-level travel time spent in this place.
 C = Inter-level travel time spent in this place.
 D = Time resting spent in this place.
 E = Time spent auto-exploring this place.
 F = Levels seen in this place.
 G = Mean time per level.
                   A        B        C        D        E       F      G
               +--------+--------+--------+--------+--------+-----+--------+
         Total |   2796 |   2741 |     55 |    264 |   2210 |   2 | 1398.0 |
       Dungeon |   2796 |   2741 |     55 |    264 |   2210 |   2 | 1398.0 |
               +--------+--------+--------+--------+--------+-----+--------+

Top non-repeatable levels by time:
     D:1: 1720 daAuts
     D:2: 1075 daAuts
